 Dungeon Crawl Stone Soup version 0.25-a0-651-g8c222c7a2b (webtiles) character file.

Game seed: 6268419128881953378, levelgen mode: classic

57031 EnegeticOcto the Blinker (level 14, -1/73 HPs)
             Began as a Spriggan Air Elementalist on Mar 21, 2020.
             Was a High Priest of Dithmenos.
             Slain by a nagaraja
             ... wielding a +0 halberd
              (4 damage)
             ... on level 4 of the Snake Pit on Mar 22, 2020.
             The game lasted 01:39:07 (25170 turns).

EnegeticOcto the Blinker (SpAE)                    Turns: 25170, Time: 01:39:08

Health: -1/73      AC:  7    Str:  4    XL:     14   Next: 44%
Magic:  0/31       EV: 17    Int: 25    God:    Dithmenos [*****.]
Gold:   691        SH:  8    Dex: 21    Spells: 18/37 levels left

rFire    + . .     SeeInvis +   a - +8 rapier (venom)
rCold    . . .     Gourm    .   p - +0 buckler
rNeg     . . .     Faith    .   B - +2 troll leather armour
rPois    +         Spirit   +   r - +0 hat
rElec    .         Reflect  .   L - +0 cloak
rCorr    .         Harm     .   (gloves unavailable)
MR       ++...                  (boots unavailable)
Stlth    +++++++...             k - amulet of guardian spirit
HPRegen  0.62/turn              F - ring "Caegecy" {+Fly rF+ Int+4 Dex+4}
MPRegen  0.22/turn              S - ring of poison resistance

@: about to teleport, very slightly contaminated, wreathed by umbra,
constricted, heavily drained, very quick
A: very small, unfitting armour, see invisible, herbivore, speed 3, slow
metabolism 2
a: Shadow Step, Shadow Form, Renounce Religion, Evoke Flight


You were on level 4 of the Snake Pit.
You worshipped Dithmenos.
Dithmenos was extremely pleased with you.
You were not hungry.

You visited 6 branches of the dungeon, and saw 28 of its levels.
You also visited: Bailey and Gauntlet.

You collected 2638 gold pieces.
You spent 1947 gold pieces at shops.

Inventory:

Hand Weapons
 a - a +8 rapier of venom (weapon)
 v - the +0 dagger "Omoruj Niono" {vorpal, Int+3}
   (You found it on level 10 of the Dungeon)

   It inflicts extra damage upon your enemies.
   It affects your intelligence (+3).
 K - the +0 hand axe of the Thing {elec, rN+}
   (You found it on level 3 of the Lair of Beasts)

   Occasionally, upon striking a foe, it will discharge some electrical energy
   and cause terrible harm.
   It protects you from negative energy.
Missiles
 i - 9 throwing nets (quivered) {!f}
 T - 8 curare-tipped darts
Armour
 p - a +0 buckler (worn)
 r - a +0 hat (worn)
 x - a +2 robe of fire resistance
 B - a +2 troll leather armour (worn)
 L - a +0 cloak (worn)
Magical Staves
 b - an uncursed staff of energy
Jewellery
 k - an amulet of guardian spirit (around neck)
 l - an uncursed ring of ice
 C - an uncursed ring of fire
 E - an uncursed amulet of regeneration
 F - the ring "Caegecy" (left hand) {+Fly rF+ Int+4 Dex+4}
   (You took it off a minotaur in a Gauntlet)

   [ring of protection from fire]

   It affects your intelligence (+4).
   It affects your dexterity (+4).
   It protects you from fire.
   It lets you fly.
 I - an uncursed ring of protection from cold
 P - an uncursed ring of resist corrosion
 S - a ring of poison resistance (right hand)
Wands
 g - a wand of random effects (4)
 h - a wand of iceblast (5) {@v2}
 n - a wand of disintegration (16)
 s - a wand of digging (7) {@v3}
 G - a wand of paralysis (8)
 H - a wand of flame (13) {@v4}
 J - a wand of polymorph (18)
 R - a wand of acid (9) {@v1}
Scrolls
 d - 10 scrolls of remove curse {@r2}
 f - 5 scrolls of teleportation {@r3 !r}
 m - a scroll of fear {!r}
 q - a scroll of blinking {@r4}
 y - a scroll of magic mapping {@r5 !r}
 A - 6 scrolls of identify {@r1}
 D - 2 scrolls of immolation
 M - a scroll of torment
 N - a scroll of holy word
Potions
 j - 6 potions of stabbing {@q5 !q}
 o - 14 potions of curing {@q1 !q}
 t - a potion of resistance
 u - 2 potions of mutation
 w - 5 potions of heal wounds {@q2 !q}
 z - 2 potions of cancellation
 O - a potion of ambrosia
 Q - a potion of might {@q3 !q}
Miscellaneous
 c - a lamp of fire
Comestibles
 e - 19 rations


   Skills:
 - Level 8.0(5.0) Fighting
 - Level 9.0(5.9) Dodging
 - Level 13.0(9.6) Stealth
 - Level 7.2(4.3) Shields
 - Level 12.0(8.7) Spellcasting
 - Level 0.6(0.0) Conjurations
 + Level 15.6(12.1) Translocations
 - Level 9.0(5.9) Air Magic
 - Level 8.0(5.0) Invocations
 - Level 4.0(1.4) Evocations


You had 18 spell levels left.
You knew the following spells:

 Your Spells              Type           Power        Failure   Level  Hunger
a - Shock                 Conj/Air       ####         3%          1    None
b - Static Discharge      Conj/Air       ####....     11%         3    None
c - Airstrike             Air            #####.....   11%         4    ##.....
d - Gell's Gravitas       Tloc           ######....   1%          3    None
e - Passage of Golubria   Tloc           N/A          1%          4    ##.....
V - Swiftness             Chrm/Air       ####....     5%          2    None
Y - Blink                 Tloc           N/A          1%          2    None

Your spell library contained the following spells:

 Spells                   Type           Power        Failure   Level  Hunger
 Shroud of Golubria       Chrm/Tloc      #####.       1%          2    None
 Lesser Beckoning         Tloc           ######....   1%          3    None
 Teleport Other           Tloc           ######..     1%          3    None
 Infusion                 Chrm           ##..         12%         1    None
 Song of Slaying          Chrm           ##......     19%         2    None
 Ignite Poison            Fire/Tmut/Pois ##......     36%         3    None
 Ozocubu's Armour         Chrm/Ice       ##......     36%         3    None
 Spectral Weapon          Hex/Chrm       ##......     36%         3    None
 Lightning Bolt           Conj/Air       ####......   71%         5    ####...
 Fireball                 Conj/Fire      ##........   98%         5    ####...
 Starburst                Conj/Fire      ##........   100%        6    ######.
 Ring of Flames           Chrm/Fire      ##........   100%        7    #######
 Ignition                 Fire           ##........   100%        8    #######


Dungeon Overview and Level Annotations

Branches:
Dungeon (14/15)            Temple (1/1) D:4            Lair (6/6) D:9
 Shoals (1/4) Lair:2        Snake (4/4) Lair:4        Slime (0/5) Lair:6
    Orc (2/2) D:10            Elf (0/3) Orc:2        Bailey (visited)
Gauntlet (visited)
 Vaults: D:13-14

Altars:
Cheibriados
Dithmenos
Elyvilon
Fedhas
Hepliaklqana
Kikubaaqudgha
Makhleb
Nemelex Xobeh
Okawaru
Qazlal
Ru
Sif Muna
Trog
Uskayaw
Vehumet
Wu Jian
Yredelemnul
Zin
The Shining One
Beogh

Shops:
D:5 *   Orc:2 *(*:*   Snake:1 :

Annotations:
Lair:3 1 runed translucent door, Onkana's ghost, journeyman DrAE
Snake:1 Louise


Innate Abilities, Weirdness & Mutations

You are very small and have problems with some larger weapons.
You are too small for most types of armour.
You have supernaturally acute eyesight. (SInv)
You are a herbivore.
You cover ground extremely quickly.
You need to consume almost no food.


Message History

The naga mage casts a spell at you. The bolt of poison misses you.
Casting: Blink (safe; 1% risk of failure)
Confirm with . or Enter, or press ? or * to list all spells.
You feel an extremely numb sensation.
You blink.
A nagaraja, a guardian serpent and a naga sharpshooter come into view.
The guardian serpent coils itself and waves its upper body at you.
You are unaffected.
The guardian serpent casts a spell at you.
The bolt of poison hits you but does no damage.
You resist. The nagaraja spits poison at you. You block the splash of poison.
The naga sharpshooter unwields a +0 war axe.
The naga sharpshooter wields a +0 shortbow.
The naga sharpshooter gestures wildly while chanting.
The naga sharpshooter magically shoots an arrow.
You block the arrow.
Found a serpentine rune of Zot.
Really quaff
w - 6 potions of heal wounds {@q2 !q}?
You feel much better.
The guardian serpent coils itself and waves its upper body at you.
The bolt of poison misses you.
The guardian serpent coils itself and performs some mystic snake dance.
The naga mage blinks!
The naga warrior blinks!
The naga blinks!
The nagaraja blinks into view!
The naga closely misses you. The naga misses you.
The naga mage casts a spell at you. The lance of force hits you!
You emit a cloud of dark smoke.
You feel drained.
You are knocked back by the lance of force.
You slam into the stone wall!
You emit a cloud of dark smoke.
You feel drained.
The nagaraja mumbles some strange words.
The nagaraja seems to speed up.
Casting: Blink (safe; 1% risk of failure)
Confirm with . or Enter, or press ? or * to list all spells.
You feel an extremely numb sensation.
You blink.
The nagaraja casts a spell at you.
You are unaffected.
The nagaraja hits you from afar with a +0 halberd!!
You emit a cloud of dark smoke.
You feel drained. The naga mage spits poison at you.
The splash of poison misses you.
Okay, then.
Unknown command.
What are your orders? t - Shout!
Orders for allies: a - Attack new target. r - Retreat! s - Stop attacking. g - Guard the area. f - Follow me.
Anything else - Cancel.
Okay, then.
Really read
m - 3 scrolls of fear {!r}?
As you read the scroll of fear {!r}, it crumbles to dust.
You assume a fearsome visage.
The naga looks frightened!
The naga sharpshooter easily resists.
The naga sharpshooter resists with some effort.
The naga looks frightened!
The naga mage looks frightened!
The naga warrior resists with some effort.
The guardian serpent looks frightened!
The nagaraja easily resists.
The nagaraja resists with almost no effort.
The guardian serpent looks frightened!
You emerge from the shadows.
The naga howls, "Help!"
The nagaraja spits poison at you. The splash of poison hits you. You resist.
The naga sharpshooter mumbles some strange words.
The naga sharpshooter magically shoots an arrow.
You block the arrow.
The naga mage gestures at you while chanting.
You resist with almost no effort.
Really read
m - 2 scrolls of fear {!r}?
As you read the scroll of fear {!r}, it crumbles to dust.
You assume a fearsome visage.
The naga sharpshooter looks frightened!
The naga sharpshooter resists with some effort.
The naga warrior easily resists.
The nagaraja resists with almost no effort. x2
The nagaraja casts a spell at you. The lance of force misses you.
The nagaraja misses you.
Press: ? - help, v - describe, . - travel, g - get item
Here: a nagaraja, wielding a +0 halberd and wearing a +0 robe (fast, umbra)
A serpentine rune of Zot.
The floor.
The nagaraja points at you and mumbles some strange words.
The bolt of poison misses you. The naga warrior barely misses you.
You block the nagaraja's attack. The nagaraja grabs you.
The nagaraja constricts you.
You see here a serpentine rune of Zot.
Blink to where?
Press: ? - help, Dir - move target cursor
Okay, then.
Really read
f - 6 scrolls of teleportation {@r3 !r}?
As you read the scroll of teleportation {@r3 !r}, it crumbles to dust.
You feel strangely unstable.
The naga sharpshooter mumbles some strange words.
The naga sharpshooter magically shoots an arrow.
The arrow hits you!
* * * LOW HITPOINT WARNING * * *
The nagaraja hits you with a +0 halberd!
* * * LOW HITPOINT WARNING * * *
You die...

**,**,,#.....#######.....##S...#.
**,,*,##.N.###.§N..##.....#....##
,,,,,*#...##§§S§N...##....(....#
,,,,,##...#§NN§§.N...##........#
,,,,,#...##§N§N###N...##.......#
,,,,,#...#.§NN#####....##......#
,,,,,#...#.§§##N.§##.N§###.....##
,,,,,#NNN#§§(#.§§§§##...###.....#
,,,,,#..§#.NN#§.@§§§#.N.# #...[..
,,,,,#.§N##.§N§§NN§§#NN.# #......
,***,##N§N#§SN§N§§§##.NN# #....NN
** *,,#§§N##§§§§§§.#....# #......
**,,##§N§##(§§§###.N.## #....#.
**,,**#NN§§######.§N..####....##
*,,,**##§NNN§§..N....##..#....##
*,,***,##..§N§...N..##...#....#
*,,**,,,###§§....#####...#....#


You could see a naga warrior, 2 nagarajas, 2 naga sharpshooters and a naga.

Vanquished Creatures
  2 nagarajas (Snake:2)
  A stone giant (Orc:2)
  The ghost of Jayditzi the Peltast, a journeyman GrFi of Qazlal (Lair:3)
  A minotaur (Gauntlet)
  4 hydras
  A two-headed ogre (D:9)
  A tengu warrior (D:13)
  A naga sharpshooter (Snake:1)
  3 orc high priests (Orc:2)
  A shock serpent (Snake:3)
  A naga ritualist (Snake:3)
  7 orc knights
  2 mana vipers
  2 ugly things
  4 orc sorcerers (Orc:2)
  A cyclops (D:10)
  A centaur zombie (D:13)
  2 manticores
  3 salamanders
  13 black mambas
  A guardian serpent (Snake:3)
  5 naga magi
  2 gargoyles
  8 spiny frogs
  6 komodo dragons
  2 rime drakes
  2 freezing wraiths
  An efreet (D:13)
  5 trolls
  A merfolk (Lair:2)
  2 polar bears (Lair:3)
  Grinder (D:3)
  A hornet (D:13)
  9 blink frogs
  7 hippogriffs
  A snapping turtle (Snake:3)
  A redback (Snake:4)
  A water elemental (Lair:2)
  A shadow (D:11)
  A wraith (D:14)
  20 yaks
  3 wyverns
  A vampire (D:13)
  A basilisk (Lair:5)
  A steam dragon (D:11)
  3 vampire mosquitoes (D:13)
  4 hungry ghosts
  2 wargs
  A two-headed ogre zombie (D:10)
  8 nagas
  7 water moccasins
  10 porcupines
  A black bear (D:9)
  3 sky beasts
  2 eyes of draining
  20 orc warriors
  4 necrophages
  3 phantoms
  9 ice beasts (D:11)
  11 ogres
  A wolf (Lair:3)
  12 centaurs
  4 crocodiles
  2 small abominations (Gauntlet)
  3 big kobolds
  12 bullfrogs
  8 gnoll sergeants (Bailey)
  A wyvern zombie (D:13)
  8 scorpions
  A wyvern skeleton (D:13)
  2 troll zombies (D:10)
  8 wights
  19 killer bees (D:9)
  8 howler monkeys
  7 crimson imps
  13 orc priests
  2 quasits
  A bullfrog zombie (D:13)
  7 jellies
  6 gnoll shamans (Bailey)
  A bullfrog skeleton (D:5)
  10 hounds
  18 orc wizards
  4 centaur skeletons
  Natasha (thrice) (D:3)
  14 iguanas
  9 worker ants
  5 ogre zombies (D:10)
  A hound zombie (D:5)
  A hound skeleton (D:9)
  2 howler monkey zombies (D:5)
  A worker ant zombie (D:10)
  14 gnolls (Bailey)
  7 adders
  4 shadow imps
  5 oozes
  2 adder zombies
  3 worms
  2 dart slugs
  4 leopard geckos
  40 orcs
  2 ball pythons
  9 bats
  7 giant cockroaches
  8 goblins
  9 hobgoblins
  17 jackals
  6 quokkas
  4 frilled lizards
  5 goblin zombies (D:10)
  A hobgoblin skeleton (D:10)
  A hobgoblin zombie (D:10)
  A jackal skeleton (D:5)
  26 kobolds
  5 orc skeletons (D:10)
  13 orc zombies (D:10)
  6 rats
619 creatures vanquished.

Vanquished Creatures (others)
  A hydra (Lair:6)
  17 fungi
  15 plants
  A withered plant (Gauntlet)
34 creatures vanquished.

Grand Total: 653 creatures vanquished

Notes
Turn   | Place    | Note
-------+----------+-------------------------------------------
     0 | D:1      | EnegeticOcto the Spriggan Air Elementalist began the quest
                  | for the Orb.
     0 | D:1      | Reached XP level 1. HP: 9/9 MP: 5/5
   364 | D:1      | Reached XP level 2. HP: 11/13 MP: 1/6
  1067 | D:2      | Reached XP level 3. HP: 16/16 MP: 8/8
  1901 | D:2      | Reached XP level 4. HP: 21/21 MP: 6/9
  2207 | D:3      | Learned a level 3 spell: Static Discharge
  2212 | D:3      | Learned a level 4 spell: Airstrike
  2592 | D:3      | Noticed Grinder
  2631 | D:3      | Paralysed by Grinder for 7 turns
  2642 | D:3      | Killed Grinder
  2642 | D:3      | Reached XP level 5. HP: 2/24 MP: 1/10
  2642 | D:3      | Reached XP level 6. HP: 3/28 MP: 1/11
  3119 | D:3      | Noticed Natasha
  3129 | D:3      | Killed Natasha
  3341 | D:3      | Noticed Natasha
  3346 | D:3      | Killed Natasha
  3505 | D:3      | Noticed Natasha
  3512 | D:3      | Killed Natasha
  3778 | D:4      | Reached skill level 5 in Spellcasting
  3883 | D:4      | Found a staircase to the Ecumenical Temple.
  3891 | Temple   | Entered the Ecumenical Temple
  4018 | Temple   | Became a worshipper of Dithmenos the Shadowed
  4312 | D:4      | Reached XP level 7. HP: 30/32 MP: 10/15
  4584 | D:4      | Reached skill level 5 in Stealth
  4596 | D:4      | Reached skill level 1 in Fighting
  4808 | D:5      | Entered Level 5 of the Dungeon
  5219 | D:5      | Found a burning altar of Makhleb.
  5226 | D:5      | Reached * piety under Dithmenos
  5435 | D:5      | Reached XP level 8. HP: 36/40 MP: 15/17
  5496 | D:5      | Found Zuomiy's Assorted Antiques.
  5515 | D:5      | Bought a scroll labeled YTTEJOBBAPP for 24 gold pieces
  5515 | D:5      | Bought a scroll of blinking for 180 gold pieces
  5515 | D:5      | Bought a scroll labeled DIAGREYM DOTRU for 24 gold pieces
  5515 | D:5      | Bought a scroll labeled BOTHAY YHISUIW for 24 gold pieces
  5515 | D:5      | Bought a glowing yellow potion for 21 gold pieces
  5646 | D:5      | Learned a level 2 spell: Swiftness
  6033 | D:6      | Found a basalt altar of Yredelemnul.
  6067 | D:6      | Reached skill level 1 in Shields
  7298 | D:7      | Reached skill level 1 in Evocations
  7498 | D:7      | Found an iron altar of Okawaru.
  7499 | D:7      | Noticed a komodo dragon
  7532 | D:7      | Reached ** piety under Dithmenos
  7573 | D:7      | Killed a komodo dragon
  7573 | D:7      | Reached XP level 9. HP: 26/45 MP: 1/22
  8666 | D:7      | Reached skill level 5 in Fighting
  9775 | D:9      | Noticed a two-headed ogre
  9824 | D:9      | Killed a two-headed ogre
  9824 | D:9      | Reached skill level 5 in Dodging
  9824 | D:9      | Reached skill level 5 in Shields
  9824 | D:9      | Reached XP level 10. HP: 26/51 MP: 0/24
 10045 | D:9      | Reached *** piety under Dithmenos
 10589 | D:9      | Found a burning altar of Makhleb.
 10812 | D:9      | Found a staircase to the Lair.
 11093 | D:10     | Entered Level 10 of the Dungeon
 11182 | D:10     | Noticed a cyclops
 11186 | D:10     | Killed a cyclops
 11238 | D:10     | Found a staircase to the Orcish Mines.
 11558 | D:10     | Reached **** piety under Dithmenos
 11859 | D:10     | Reached skill level 10 in Spellcasting
 12803 | D:10     | Noticed an orc knight
 12905 | D:10     | Reached XP level 11. HP: 55/55 MP: 11/26
 13323 | D:10     | Killed an orc knight
 13323 | D:10     | Reached skill level 10 in Stealth
 13552 | D:10     | Got a faintly glowing dagger
 13553 | D:10     | Identified the cursed +0 dagger "Omoruj Niono" {vorpal,
                  | Int+3} (You found it on level 10 of the Dungeon)
 13697 | D:11     | Noticed a brown ugly thing
 13706 | D:11     | Killed a brown ugly thing
 15231 | Orc:1    | Entered Level 1 of the Orcish Mines
 15301 | Orc:1    | Found a roughly hewn altar of Beogh.
 15767 | Orc:2    | Entered Level 2 of the Orcish Mines
 15891 | Orc:2    | Noticed a stone giant
 16294 | Orc:2    | Killed a stone giant
 16294 | Orc:2    | Reached skill level 1 in Invocations
 16768 | Orc:2    | Noticed an orc knight
 16788 | Orc:1    | Killed an orc knight
 17091 | Orc:2    | Found a staircase to the Elven Halls.
 17257 | Orc:2    | Found Astoxtedgh's General Store.
 17314 | Orc:2    | Noticed an orc sorcerer
 17315 | Orc:2    | Noticed an orc high priest
 17318 | Orc:2    | Noticed an orc knight
 17320 | Orc:2    | Noticed an orc high priest
 17321 | Orc:2    | Noticed an orc high priest
 17322 | Orc:2    | Noticed a sun demon
 17333 | Orc:2    | Noticed an orc knight
 17346 | Orc:2    | Reached XP level 12. HP: 58/60 MP: 5/28
 17481 | Orc:2    | Killed an orc high priest
 18121 | Orc:2    | Killed an orc high priest
 18456 | Orc:2    | Reached ***** piety under Dithmenos
 18466 | Orc:2    | Killed an orc high priest
 18669 | Orc:2    | Found Ciomugon's Book Emporium.
 18669 | Orc:2    | Found Last's Assorted Antiques.
 18672 | Orc:2    | Found Oxeer's Weapon Shop.
 18745 | Orc:2    | Found Juqaropusk's General Store.
 18766 | Orc:2    | Bought a potion of heal wounds for 70 gold pieces
 18766 | Orc:2    | Bought a scroll of enchant armour for 105 gold pieces
 18769 | Orc:2    | Bought a scroll labeled AZATWA AWUOX for 39 gold pieces
 18769 | Orc:2    | Bought a glass ring for 195 gold pieces
 18782 | Orc:2    | Bought the cursed +1 dagger of Tack {venom, *Noise rElec
                  | Str+3 SInv} for 355 gold pieces
 18784 | Orc:2    | Bought a book of Spatial Translocations for 910 gold pieces
 18787 | Orc:2    | Learned a level 2 spell: Blink
 18791 | Orc:2    | Learned a level 3 spell: Gell's Gravitas
 19030 | Lair:1   | Entered Level 1 of the Lair of Beasts
 19030 | Lair:1   | Noticed a five-headed hydra
 19100 | Lair:1   | Reached skill level 1 in Translocations
 19117 | Lair:1   | Killed a five-headed hydra
 19117 | Lair:1   | Reached skill level 2 in Translocations
 19360 | Lair:1   | Reached skill level 3 in Translocations
 19469 | Lair:2   | Found a gate leading to a gauntlet.
 19484 | Gauntlet | Entered a Gauntlet
 19484 | Gauntlet | Found a transporter.
 19542 | Gauntlet | Noticed a death yak
 19543 | Gauntlet | Noticed a death yak
 19544 | Gauntlet | Noticed a death yak
 19545 | Gauntlet | Found a transporter.
 19547 | Gauntlet | Found a transporter.
 19547 | Gauntlet | Found a transporter.
 19550 | Gauntlet | Found a transporter.
 19551 | Gauntlet | Found a transporter.
 19560 | Gauntlet | Found a transporter.
 19562 | Gauntlet | Found a transporter.
 19569 | Gauntlet | Noticed a ghost crab
 19580 | Gauntlet | Noticed a hell beast
 19586 | Gauntlet | Found a transporter.
 19586 | Gauntlet | Found a transporter.
 19594 | Gauntlet | Found a transporter.
 19632 | Gauntlet | Found a transporter.
 19841 | Gauntlet | Identified the ring "Caegecy" {+Fly rF+ Int+4 Dex+4}
 19841 | Gauntlet | Noticed a minotaur
 19867 | Gauntlet | Killed a minotaur
 19867 | Gauntlet | Reached skill level 4 in Translocations
 19895 | Lair:2   | Reached skill level 5 in Invocations
 19971 | Lair:2   | Found a staircase to the Shoals.
 20109 | Lair:3   | Found a runed translucent door.
 20129 | Lair:3   | Reached skill level 5 in Translocations
 20259 | Lair:3   | Reached XP level 13. HP: 48/66 MP: 9/30
 20338 | Lair:3   | Noticed Onkana's ghost (journeyman DrAE)
 20388 | Lair:3   | Identified the +0 hand axe of the Thing {elec, rN+} (You
                  | found it on level 3 of the Lair of Beasts)
 20563 | Lair:3   | Reached skill level 6 in Translocations
 20668 | Lair:3   | Learned a level 4 spell: Passage of Golubria
 21050 | Lair:4   | Reached skill level 7 in Translocations
 21102 | Lair:4   | Found a staircase to the Snake Pit.
 21119 | Lair:4   | Found a runed translucent door.
 21120 | Lair:4   | Noticed Jayditzi's ghost (journeyman GrFi)
 21420 | Lair:5   | Reached skill level 8 in Translocations
 21463 | Lair:6   | Entered Level 6 of the Lair of Beasts
 21484 | Lair:6   | Found a staircase to the Slime Pits.
 21799 | Shoals:1 | Entered Level 1 of the Shoals
 22163 | D:12     | Reached skill level 9 in Translocations
 22434 | D:13     | Reached skill level 10 in Translocations
 22650 | D:13     | Reached skill level 11 in Translocations
 22753 | D:14     | Found a flagged portal.
 22769 | Bailey   | Entered a bailey
 22850 | Bailey   | Reached ****** piety under Dithmenos
 23430 | Lair:3   | Killed Jayditzi's ghost
 23430 | Lair:3   | Reached skill level 12 in Translocations
 23430 | Lair:3   | Reached XP level 14. HP: 73/73 MP: 0/31
 23513 | Snake:1  | Entered Level 1 of the Snake Pit
 23590 | Snake:1  | Found Jiheblen's Book Shoppe.
 23737 | Snake:1  | Reached skill level 13 in Translocations
 23937 | Snake:1  | Noticed Louise
 24074 | Snake:2  | Noticed a nagaraja
 24079 | Snake:2  | Killed a nagaraja
 24146 | Snake:2  | Noticed a nagaraja
 24153 | Snake:2  | Killed a nagaraja
 24153 | Snake:2  | Reached skill level 14 in Translocations
 24622 | Snake:3  | Reached skill level 15 in Translocations
 24748 | Snake:2  | Upgraded the game from 0.25-a0-645-gb4487340cb to
                  | 0.25-a0-651-g8c222c7a2b
 24800 | Snake:4  | Entered Level 4 of the Snake Pit
 24882 | Snake:4  | Noticed a nagaraja
 24883 | Snake:4  | Noticed a nagaraja
 24929 | Snake:4  | Noticed a nagaraja
 24930 | Snake:4  | Noticed a nagaraja
 24932 | Snake:4  | Noticed a nagaraja
 25144 | Snake:4  | Noticed a nagaraja
 25155 | Snake:4  | Noticed a nagaraja
 25160 | Snake:4  | Noticed a nagaraja
 25161 | Snake:4  | Noticed a nagaraja
 25170 | Snake:4  | HP: 3/73 [nagaraja/+0 halberd (8)]
 25170 | Snake:4  | Slain by a nagaraja

Levels and vault maps discovered:
D:1:      dpeg_arrival_triangle_fractal, layout_loops_ring
D:2:      layout_loops_ring, minmay_distorted
D:3:      layout_basic, uniq_grinder, uniq_natasha
D:4:      layout_rooms, minmay_temple_entry_ruins, first_ration
D:5:      layout_rooms, serial_shops, shop, basic_altar, grunt_decor_arrowhead
D:6:      cheibrodos_thug_alley, layout_cave_pods, lemuel_tele_altar
D:7:      layout_basic, okawaru_gym_becter
D:8:      layout_loops_ring, grunt_pizzeria
D:9:      layout_roguey [special_room_bee], erik_lair_orcish_takeover,
          basic_altar, ebering_dispersal_statue_hall, minivault_25
D:10:     layout_rooms, zombieorc2_lemuel, evilmike_minifort
D:11:     layout_big_octagon, portal_ice_cave_entry_ice_beasts
D:12:     layout_basic, kennysheep_windowed_goal
D:13:     layout_loops_ring, grunt_vaults_entry_fortified,
          hangedman_decor_points
D:14:     layout_rooms, patterned_corridor, enter_bailey_2,
          nicolae_qazlal_general_emergency
Temple:   minmay_crystal_snake_temple
Lair:1:   layout_roguey, ebering_ghost_funeral_grove,
          chequers_serial_rivers_micro_d, grunt_megastairs_3,
          lemuel_fruit_fields, lemuel_fruit_tree, uniq_sonja
Lair:2:   lemuel_slime, layout_regular_city, minmay_shoals_entry_beasts,
          gauntlet_entry_generic, grunt_megastairs_1
Lair:3:   beast_lair_carwin_large_4, layout_hall_layers,
          hellmonk_ghost_happy_afterlife
Lair:4:   layout_regular_city, minmay_snake_entry_guardpost_small,
          ebering_ghost_inner_flame, serial_bayou_pond_a, wad_woods_road_05
Lair:5:   layout_roguey [special_room_mythical_zoo], serial_bayou_shore_b,
          infiniplex_staircase_pool_2
Lair:6:   hangedman_lair_tendril_chambers, layout_cave_shapes,
          hangedman_lair_caniforms_friends, nicolae_slime_entry_slimehenge,
          gammafunk_ghost_abyssal_escape, serial_bayou, serial_bayou_lake_a,
          serial_bayou_crossing, serial_bayou_pond_b, serial_bayou_shore_b
Shoals:1: cheibrodos_shoals_oceanic_diplomacy, layout_shoals, uniq_aizul
Snake:1:  layout_misc_corridors, serial_shops, nicolae_shop_crystal, shop,
          nicolae_shop_competitors_out_of_business, shop, uniq_louise
Snake:2:  layout_grid_maze, serial_bayou_shore_b
Snake:3:  layout_cave_shapes, special_room, serial_shops,
          nicolae_shop_statue_plus, uniq_roxanne
Snake:4:  grunt_snake_rune_spirals, layout_onion
Orc:1:    layout_caves, basic_altar
Orc:2:    st_orc_elflike, layout_caves, serial_shops, shop,
          lightli_volcano_entry_magma_tube

Skill      XL: |  1  2  3  4  5  6  7  8  9 10 11 12 13 14 |
---------------+-------------------------------------------+-----
Air Magic      | 3 4 6 7 8 9 |  9.0
Spellcasting   | 5 8 9 10 11 12 | 12.0
Stealth        | 4 5 7 9 10 12 13 | 13.0
Fighting       | 3 4 5 6 8 |  8.0
Shields        | 3 5 7 |  7.2
Evocations     | 3 4 |  4.0
Dodging        | 5 7 9 |  9.0
Invocations    | 2 5 8 |  8.0
Translocations | 5 12 15 | 15.6
Conjurations   | |  0.6

Action                   |  1- 3 |  4- 6 |  7- 9 | 10-12 | 13-15 || total
-------------------------+-------+-------+-------+-------+-------++-------
Melee: Short sword       |    49 |    35 |       |       |       ||    84
       Unarmed           |       |    10 |       |       |       ||    10
       Rapier            |       |     3 |   162 |   431 |   243 ||   839
Throw: Dart              |       |     4 |    21 |    52 |    21 ||    98
 Cast: Shock             |    57 |    82 |    86 |   171 |    69 ||   465
       Static Discharge  |       |     3 |    69 |   150 |    62 ||   284
       Airstrike         |       |       |    11 |   103 |    85 ||   199
       Blink             |       |       |       |     1 |    16 ||    17
       Gell's Gravitas   |       |       |       |       |    61 ||    61
       Passage of Golubr |       |       |       |       |     3 ||     3
Invok: Shadow Form       |       |       |       |     1 |     2 ||     3
       Shadow Step       |       |       |       |       |     3 ||     3
 Abil: Evoke Flight      |       |       |       |       |     1 ||     1
Evoke: Wand              |       |       |     3 |    32 |    20 ||    55
       Lamp of fire      |       |       |       |     2 |       ||     2
       Staff of energy   |       |       |       |       |   162 ||   162
  Use: Scroll            |       |     7 |     9 |     8 |    23 ||    47
       Potion            |       |     3 |     1 |     2 |     3 ||     9
 Stab: Sleeping          |     8 |     1 |    14 |    27 |    27 ||    77
       Distracted        |       |       |     1 |       |     2 ||     3
       Paralysed         |       |       |       |     2 |       ||     2
       Invisible         |       |       |       |     3 |       ||     3
  Eat: Ration            |       |     2 |     4 |     8 |     7 ||    21
Armor: Robe              |    10 |     3 |     6 |    17 |       ||    36
       Skin              |       |     6 |       |       |       ||     6
       Steam dragon scal |       |       |       |     5 |       ||     5
       Troll leather arm |       |       |       |    10 |    24 ||    34
Dodge: Dodged            |    75 |    36 |   175 |   541 |   446 ||  1273
Block: Buckler           |       |       |    54 |   240 |   228 ||   522

Table legend:
 A = Non-vault XP
 B = Vault XP
 C = Vault XP percentage of total XP
 D = Non-vault monster count
 E = Vault monster count
 F = Vault count percentage of total count
                 A         B        C        D         E       F
            +---------+---------+-------+---------+---------+-------
      Total |   59570 |   21903 |  26.9 |     451 |     169 |  27.3
            +---------+---------+-------+---------+---------+-------
        D:1 |      34 |       0 |   0.0 |      22 |       0 |   0.0
        D:2 |      57 |      15 |  20.8 |      27 |       2 |   6.9
        D:3 |     128 |     323 |  71.6 |      20 |       2 |   9.1
        D:4 |     428 |       0 |   0.0 |      12 |       0 |   0.0
        D:5 |     454 |       0 |   0.0 |      17 |       0 |   0.0
        D:6 |     523 |     112 |  17.6 |      15 |       8 |  34.8
        D:7 |    2125 |       0 |   0.0 |      40 |       0 |   0.0
        D:8 |     736 |     121 |  14.1 |      16 |       1 |   5.9
        D:9 |    3366 |     835 |  19.9 |      45 |      12 |  21.1
       D:10 |    1914 |    2155 |  53.0 |      18 |      48 |  72.7
       D:11 |    2623 |    1037 |  28.3 |      20 |       8 |  28.6
       D:12 |    1587 |     165 |   9.4 |      20 |       1 |   4.8
       D:13 |    5297 |     905 |  14.6 |      30 |       2 |   6.2
       D:14 |    1453 |       0 |   0.0 |      11 |       0 |   0.0
     Lair:1 |    4103 |     151 |   3.5 |      17 |       1 |   5.6
     Lair:2 |    1767 |    1244 |  41.3 |       8 |       5 |  38.5
     Lair:3 |    5797 |    2856 |  33.0 |      22 |      10 |  31.2
     Lair:4 |    1865 |     600 |  24.3 |       9 |       2 |  18.2
     Lair:5 |    3272 |       0 |   0.0 |      12 |       0 |   0.0
     Lair:6 |    1019 |     190 |  15.7 |       3 |       7 |  70.0
    Snake:1 |    5101 |       0 |   0.0 |      12 |       0 |   0.0
    Snake:2 |    3705 |       0 |   0.0 |       4 |       0 |   0.0
    Snake:3 |    7261 |       0 |   0.0 |      18 |       0 |   0.0
    Snake:4 |     220 |     626 |  74.0 |       1 |       2 |  66.7
      Orc:1 |    1820 |       0 |   0.0 |       7 |       0 |   0.0
      Orc:2 |    2915 |    7902 |  73.1 |      25 |      25 |  50.0
     Bailey |       0 |    1226 | 100.0 |       0 |      30 | 100.0
   Gauntlet |       0 |    1440 | 100.0 |       0 |       3 | 100.0
            +---------+---------+-------+---------+---------+-------
